 Dungeon Crawl Stone Soup version 0.29.1-12-g30fa7ad0bf (webtiles) character file.

Game seed: 4304073744502815626

2606 venomsnake the Cleaver (level 9, -5/82 HPs)
             Began as a Minotaur Berserker on Dec 16, 2022.
             Was an Elder of Trog.
             Slain by a kobold brigand
             ... wielding a +0 club
              (6 damage)
             ... on level 7 of the Dungeon.
             The game lasted 00:19:36 (8652 turns).

venomsnake the Cleaver (Minotaur Berserker)         Turns: 8652, Time: 00:19:36

Health: -5/82      AC:  9    Str: 26    XL:     9   Next: 33%
Magic:  8/8        EV: 12    Int:  4    God:    Trog [****..]
Gold:   132        SH:  0    Dex: 10    Spells: 8/8 levels left

rFire   . . .      SeeInvis .   a - +0 hand axe
rCold   . . .      Faith    .   (no shield)
rNeg    . . .      Spirit   .   d - +0 scale mail
rPois   .          Reflect  .   (helmet restricted)
rElec   .          Harm     .   (no cloak)
rCorr   .          Rampage  .   h - +0 pair of gloves
Will    .....                   (no boots)
Stlth   ..........              (no amulet)
HPRegen 0.23/turn               (no ring)
MPRegen 0.11/turn               (no ring)

@: no status effects
A: horns 2, retaliatory headbutt
a: Renounce Religion, Berserk, Trog's Hand, Brothers in Arms


You were on level 7 of the Dungeon.
You worshipped Trog.
Trog was greatly pleased with you.
You visited 1 branch of the dungeon, and saw 8 of its levels.
You also visited: Sewer.

You collected 279 gold pieces.
You spent 147 gold pieces at shops.

Inventory:

Hand Weapons
 a - a +0 hand axe (weapon)
Missiles
 e - 63 stones (quivered)
 B - 2 throwing nets
Armour
 d - a +0 scale mail (worn)
 h - a +0 pair of gloves (worn)
Wands
 E - a wand of roots (9)
Scrolls
 f - 2 scrolls of noise {unknown}
 g - 2 scrolls of fear {unknown}
 i - 2 scrolls of teleportation
 j - 2 scrolls of brand weapon
 m - a scroll of acquirement {unknown}
 p - a scroll of immolation {unknown}
 s - 2 scrolls of fog
 u - 3 scrolls of enchant weapon
 v - 2 scrolls of enchant armour
 w - a scroll of magic mapping {unknown}
 y - 2 scrolls of vulnerability {unknown}
 z - 2 scrolls of identify
 C - a scroll of blinking {unknown}
Potions
 b - a potion of heal wounds {unknown}
 c - 2 potions of might {unknown}
 k - 3 potions of brilliance {unknown}
 l - a potion of haste {unknown}
 n - a potion of berserk rage {unknown}
 o - a potion of resistance {unknown}
 q - 2 potions of curing
 r - a potion of ambrosia {unknown}
 t - a potion of degeneration {unknown}
 x - a potion of mutation {unknown}
 A - a potion of flight {unknown}
 D - a potion of cancellation {unknown}


   Skills:
 + Level 8.4 Fighting
 + Level 8.5 Axes
 + Level 8.0 Armour
 + Level 7.3 Dodging


You had 8 spell levels left.
You didn't know any spells.
Your spell library was empty.

Dungeon Overview and Level Annotations

Branches:
Dungeon (8/15)             Temple (0/1) D:5           Sewer (visited)
   Lair: D:8-11

Altars:
Cheibriados
Elyvilon
Fedhas
Qazlal
Ru

Shops:
D:3 ?   D:4 ?

Annotations:
D:3 2 transporters, fishmans's ghost, amateur MiFi
D:4 2 runed translucent doors, safid's ghost, amateur MiHu
D:7 Menkaure


Innate Abilities, Weirdness & Mutations

You have a pair of horns on your head.
You reflexively headbutt those who attack you in melee.


Message History

You furiously retaliate!
You headbutt the orc priest! The kobold brigand misses you.
You furiously retaliate!
You headbutt the kobold brigand, but do no damage.
You closely miss the kobold brigand.
The kobold brigand is moderately wounded.
You hit the orc priest.
You kill the orc priest!
Trog accepts your kill.
The orc priest casts a cantrip, but nothing happens.
The kobold brigand hits you with a +0 club.
Your life force feels restored.
You hit the kobold brigand but do no damage.
The kobold brigand is moderately wounded.
You closely miss the kobold brigand.
The kobold brigand is moderately wounded.
The kobold brigand hits you with a +0 club.
You barely miss the kobold brigand. You headbutt the kobold brigand!
The kobold brigand is heavily wounded.
You hit the orc priest but do no damage.
The orc priest calls down the wrath of Beogh upon you.
Beogh smites you!
The kobold brigand hits you with a +0 club.
The orc priest hits you with a +0 mace.
You hit the kobold brigand.
The kobold brigand is severely wounded.
You hit the orc priest.
The orc warrior unwields a +0 halberd.
The orc warrior wields a +0 arbalest.
The orc warrior shoots a bolt.
The bolt hits you!
* * * LOW HITPOINT WARNING * * *
The kobold brigand hits you with a +0 club.
* * * LOW HITPOINT WARNING * * *
The orc priest hits you with a +0 mace.
* * * LOW HITPOINT WARNING * * *
You closely miss the kobold brigand.
Your headbutt misses the kobold brigand.
The kobold brigand is severely wounded.
You hit the orc priest. The orc priest hits you with a +0 mace!
* * * LOW HITPOINT WARNING * * *
The kobold brigand hits you with a +0 club.
You die...

...# ... .
..##..
#####......
##..#......#
#..o...K...#
###o..#.......
#)oKo###......
#<@).# ......
##............
.........#....
.##....##.##...
.. ..#....
..... .
..##..##. . ...
.... . .. ....


You could see an orc warrior, a kobold brigand, 2 orc priests and an orc.

Vanquished Creatures
  Sigmund (D:4)
  2 wyverns (D:6)
  A shadow (D:6)
  Eustachio (D:6)
  An ice beast (D:6)
  2 black bears (D:4)
  2 ogres (D:5)
  2 phantoms
  3 necrophages
  5 scorpions
  2 hounds (D:5)
  A quasit (D:6)
  2 gnoll boudas
  An orc priest (D:7)
  4 iguanas
  4 orc wizards (D:5)
  A hell rat (Sewer)
  11 gnolls
  9 adders
  7 river rats
  5 ufetubi
  2 worms
  3 dart slugs
  6 orcs
  9 ball pythons
  8 endoplasms
  3 giant cockroaches
  4 goblins
  5 hobgoblins
  3 jackals (D:1)
  14 kobolds
  4 quokkas
  5 bats
  3 frilled lizards
  12 rats
148 creatures vanquished.

Vanquished Creatures (others)
  6 plants (D:3)
6 creatures vanquished.

Grand Total: 154 creatures vanquished

Notes
Turn   | Place    | Note
-------+----------+-------------------------------------------
     0 | D:1      | venomsnake the Minotaur Berserker began the quest for the
                  | Orb.
     0 | D:1      | Reached XP level 1. HP: 19/19 MP: 0/0
   189 | D:1      | Reached XP level 2. HP: 27/27 MP: 1/1
   268 | D:1      | Found a faded altar of an unknown god.
   618 | D:1      | Reached XP level 3. HP: 26/33 MP: 2/2
   691 | D:1      | Reached ** piety under Trog
  1062 | D:2      | Identified the +4 mace of Fiypron {drain, rF+}
  1289 | D:2      | Reached XP level 4. HP: 40/40 MP: 3/3
  1409 | D:2      | Found a blossoming altar of Fedhas.
  1965 | D:3      | Found Xajown's Magic Scroll Shop.
  2049 | D:3      | Reached *** piety under Trog
  2235 | D:3      | Found a transporter.
  2238 | D:3      | Found a transporter.
  2251 | D:3      | Noticed fishmans's ghost (amateur MiFi)
  2493 | D:3      | Reached XP level 5. HP: 47/47 MP: 4/4
  2496 | D:3      | Found a glowing drain.
  2601 | Sewer    | Entered a sewer
  2797 | Sewer    | Reached skill level 5 in Fighting
  2797 | Sewer    | Reached skill level 5 in Axes
  2927 | D:4      | Noticed a black bear
  2934 | D:4      | Noticed Sigmund
  2937 | D:4      | Killed a black bear
  2938 | D:4      | Reached XP level 6. HP: 33/56 MP: 5/5
  3394 | D:4      | Reached skill level 5 in Armour
  3862 | D:4      | Reached XP level 7. HP: 56/61 MP: 6/6
  4080 | D:4      | Found a snail-covered altar of Cheibriados.
  4211 | D:4      | Killed Sigmund
  4212 | D:4      | Reached skill level 5 in Dodging
  4400 | D:4      | Found Vaogeine's Magic Scroll Emporium.
  4406 | D:4      | Found the +4 robe of Augmentation {Str+4 Int+4 Dex+4}
  4408 | D:4      | Bought a scroll of enchant armour for 105 gold pieces
  4408 | D:4      | Bought a scroll of teleportation for 42 gold pieces
  4583 | D:4      | Found a large runed translucent door.
  4584 | D:4      | Found a large runed translucent door.
  4587 | D:4      | Noticed safid's ghost (amateur MiHu)
  4994 | D:5      | Entered Level 5 of the Dungeon
  5155 | D:5      | Reached XP level 8. HP: 34/71 MP: 7/7
  5371 | D:5      | Reached **** piety under Trog
  5443 | D:5      | Found a staircase to the Ecumenical Temple.
  5597 | D:5      | Found a sacrificial altar of Ru.
  6905 | D:6      | You fall into a shaft and drop 2 floors!
  6930 | D:8      | Found a stormy altar of Qazlal.
  6953 | D:7      | Noticed Menkaure
  7163 | D:6      | Found a white marble altar of Elyvilon.
  7525 | D:6      | Noticed Eustachio
  7685 | D:6      | Killed Eustachio
  7731 | D:6      | Reached XP level 9. HP: 76/81 MP: 8/8
  8652 | D:7      | HP: 1/82 [orc priest/+0 mace (7)]
  8652 | D:7      | Slain by a kobold brigand

Illustrated notes

Levels and vault maps discovered:
D:1:      ncdulo_wetmaze, layout_basic, hellmonk_ecumenical_altar_slurped_away
D:2:      layout_loops_corners, basic_altar, grunt_ministairs_2,
          minmay_octomino_c4
D:3:      layout_rooms, gammafunk_ghost_gnarly_gnolls, portal_sewer_entry_a,
          serial_shops, nicolae_square_shop
D:4:      layout_layer_cave, cheibriados_altar_1, ebering_ghost_disaster_area,
          serial_shops, shop_statue, kennysheep_cross_room,
          minmay_pentomino_pile, uniq_sigmund
D:5:      layout_basic, nicolae_ru_the_path_less_chosen, temple_fountains,
          nicolae_kite_square_tiling_tiny, grunt_ministairs_6,
          minmay_crystal_water
D:6:      layout_loops_corners, elyvilon_altar_5, serial_demonic,
          serial_demonic_e, serial_demonic_f, serial_demonic_b,
          serial_demonic_f, minmay_microvault, uniq_eustachio
D:7:      minmay_chambers_of_sixes, layout_cave_pools, uniq_menkaure,
          uniq_duvessa, uniq_maggie
D:8:      layout_basic, lemuel_tele_altar, st_stairs_14

Skill      XL: |  1  2  3  4  5  6  7  8  9 |
---------------+----------------------------+-----
Axes           | 4 5 6 7 8 |  8.5
Fighting       | 4 5 6 7 8 |  8.4
Armour         | 3 4 5 6 7 8 |  8.0
Dodging        | 3 4 5 6 7 |  7.3

Action                   |  1- 3 |  4- 6 |  7- 9 || total
-------------------------+-------+-------+-------++-------
Melee: Hand axe          |    61 |   149 |   252 ||   462
       Headbutt          |    10 |    24 |    44 ||    78
       Punch             |       |     2 |     5 ||     7
Invok: Berserk           |       |       |     1 ||     1
  Use: Scroll            |       |     5 |     2 ||     7
Armor: Scale mail        |    23 |    88 |   101 ||   212
Dodge: Dodged            |    37 |   120 |   145 ||   302
